 Dungeon Crawl Stone Soup version 0.17-a0-848-g7e5c6af (webtiles) character file.

378884 xeno23 the Intangible (level 21, -4/124 HPs)
             Began as a Felid Berserker on Apr 25, 2015.
             Was the Champion of Trog.
             Slain by a white very ugly thing (25 damage)
             ... on level 4 of the Vaults on Apr 27, 2015.
             The game lasted 07:58:26 (83619 turns).

xeno23 the Intangible (Felid Berserker)            Turns: 83619, Time: 07:58:26

Health: -4/124     AC:  3    Str: 15    XL:     21   Next: 50%
Magic:  0/24       EV: 53    Int: 12    God:    Trog [******]
Gold:   9201       SH:  0    Dex: 42    Spells: 0 memorised, 20 levels left
                                        Lives:  0   Deaths: 6

rFire  + + .     SeeInvis +       - Unarmed
rCold  . . .     Clarity  .     (armour unavailable)
rNeg   . . .     SustAb   .     (shield unavailable)
rPois  +         Gourm    .     (helmet unavailable)
rElec  +         Spirit   +     (cloak unavailable)
rCorr  .         Warding  .     (gloves unavailable)
rMut   .         Stasis   .     (boots unavailable)
MR     +++++                    E - amulet of guardian spirit
Stlth  ++++++++++               U - ring "Siuppycu" {rElec MP-9 Dex+6 SInv Stlth+}
                                v - ring of Xom's Amusement {rF+ rC- Int+3 Dex+9}

@: exhausted, regenerating, slowed, slow, almost entirely resistant to hostile
enchantments, uncannily stealthy
A: no armour, no weapons or thrown items, claws 1, fangs 3, repulsion field 1,
see invisible, agile 1, carnivore 3, fire resistance 1, speed 1, poison
resistance, robust 1, shaggy fur 3, slow metabolism 1, spit poison 2, strong 1,
sharp paws
a: Spit Poison, Burn Spellbooks, Berserk, Trog's Hand, Brothers in Arms,
Renounce Religion
}: 3/15 runes: barnacled, silver, gossamer


You were on level 4 of the Vaults.
You worshipped Trog.
Trog was exalted by your worship.
You were very full.

You visited 7 branches of the dungeon, and saw 45 of its levels.
You visited the Abyss 1 time.
You also visited: Trove, Ossuary, Ice Cave and Wizlab.

You collected 9306 gold pieces.
You spent 105 gold pieces at shops.

Inventory:

Jewellery
 q - the amulet "Varor" {Ward +Fly rPois rN+ Int+11 Dex-2}
   (You found it on level 1 of the Elven Halls)

   [amulet of warding]

   It may prevent the melee attacks of summoned creatures.
   It affects your intelligence (+11).
   It affects your dexterity (-2).
   It protects you from poison.
   It protects you from negative energy.
   It lets you fly.
 u - an uncursed ring of teleportation
 v - the ring of Xom's Amusement (left paw) {rF+ rC- Int+3 Dex+9}
   (You found it in a treasure trove)

   [ring of protection from fire]

   It affects your intelligence (+3).
   It affects your dexterity (+9).
   It protects you from fire.
   It makes you vulnerable to cold.
 z - an uncursed ring of teleport control
 E - an amulet of guardian spirit (around neck)
 U - the ring "Siuppycu" (right paw) {rElec MP-9 Dex+6 SInv Stlth+}
   (You found it in a treasure trove)

   [ring of see invisible]

   It affects your dexterity (+6).
   It insulates you from electricity.
   It affects your magic capacity (-9).
   It enhances your eyesight.
   It makes you more stealthy.
 W - an uncursed ring of ice
Magical devices
 m - a wand of digging (5)
 s - a wand of paralysis (14)
 M - a wand of invisibility (4)
 R - a wand of teleportation (3)
Scrolls
 c - 6 scrolls of identify
 d - 26 scrolls of remove curse
 e - a scroll of vulnerability
 f - 4 scrolls of fog
 g - a scroll of summoning
 x - 8 scrolls of fear
 y - 9 scrolls of teleportation
 D - a scroll of blinking
 N - 2 scrolls of magic mapping
 O - a scroll of silence
 T - 2 scrolls of immolation
Potions
 h - 4 potions of flight
 l - 25 potions of curing
 n - 10 potions of restore abilities
 o - 8 potions of berserk rage
 p - 3 potions of invisibility
 r - 7 potions of haste
 t - 11 potions of might
 B - 8 potions of cancellation
 C - 3 potions of magic
 F - 3 potions of resistance
 J - 8 potions of agility
 P - 3 potions of heal wounds
Books
 w - a book of Alchemy

   Spells                             Type                      Level
   a - Sublimation of Blood           Necromancy                   2
   b - Alistair's Intoxication        Transmutation/Poison         4
   c - Condensation Shield            Ice                          4
   d - Petrify                        Transmutation/Earth          4
   e - Ignite Poison                  Fire/Transmutation/Poison    3
   f - Irradiate                      Conjuration/Transmutation    5
   Trog disapproves of the use of such an item.
 A - a book of Summonings

   Spells                             Type                      Level
   a - Abjuration                     Summoning                    3
   b - Recall                         Summoning/Translocation      3
   c - Shadow Creatures               Summoning                    5
   d - Summon Demon                   Summoning                    5
   e - Summon Forest                  Summoning/Translocation      5
   f - Monstrous Menagerie            Summoning                    6
   Trog disapproves of the use of such an item.
 H - a book of Clouds

   Spells                             Type                      Level
   a - Mephitic Cloud                 Conjuration/Poison/Air       3
   b - Conjure Flame                  Conjuration/Fire             3
   c - Poisonous Cloud                Conjuration/Poison/Air       6
   d - Freezing Cloud                 Conjuration/Ice/Air          6
   e - Ring of Flames                 Charms/Fire                  7
   Trog disapproves of the use of such an item.
 K - a book of Alchemy

   Spells                             Type                      Level
   a - Sublimation of Blood           Necromancy                   2
   b - Alistair's Intoxication        Transmutation/Poison         4
   c - Condensation Shield            Ice                          4
   d - Petrify                        Transmutation/Earth          4
   e - Ignite Poison                  Fire/Transmutation/Poison    3
   f - Irradiate                      Conjuration/Transmutation    5
   Trog disapproves of the use of such an item.
 S - a book of Fire

   Spells                             Type                      Level
   a - Ignite Poison                  Fire/Transmutation/Poison    3
   b - Fireball                       Conjuration/Fire             5
   c - Bolt of Fire                   Conjuration/Fire             6
   d - Delayed Fireball               Conjuration/Fire             7
   e - Ring of Flames                 Charms/Fire                  7
   Trog disapproves of the use of such an item.
 V - a book of Air

   Spells                             Type                      Level
   a - Shock                          Conjuration/Air              1
   b - Swiftness                      Charms/Air                   2
   c - Repel Missiles                 Charms/Air                   2
   d - Flight                         Charms/Air                   3
   e - Static Discharge               Conjuration/Air              3
   f - Lightning Bolt                 Conjuration/Air              5
   Trog disapproves of the use of such an item.
 X - a book of Summonings

   Spells                             Type                      Level
   a - Abjuration                     Summoning                    3
   b - Recall                         Summoning/Translocation      3
   c - Shadow Creatures               Summoning                    5
   d - Summon Demon                   Summoning                    5
   e - Summon Forest                  Summoning/Translocation      5
   f - Monstrous Menagerie            Summoning                    6
   Trog disapproves of the use of such an item.
 Z - a Grand Grimoire {highlevel, unknown}

   This book is beyond your current level of understanding.

   Spells                             Type                      Level
   a - Aura of Abjuration             Summoning                    6
   b - Summon Greater Demon           Summoning                    7
   c - Malign Gateway                 Summoning/Translocation      7
   d - Summon Horrible Things         Summoning                    8
   Trog disapproves of the use of such an item.
Miscellaneous
 b - a phantom mirror
 i - a disc of storms
 k - a lamp of fire
 G - a phial of floods
 I - a disc of storms
 L - a phial of floods
 Q - a lamp of fire
Comestibles
 a - 21 meat rations
 j - 12 beef jerkies


   Skills:
 + Level 22.3 Fighting
 O Level 27 Dodging
 - Level 20.5 Stealth
 * Level 19.8 Unarmed Combat
 - Level 15.8 Evocations


You had 20 spell levels left.
You didn't know any spells.

Dungeon Overview and Level Annotations

Branches:
Dungeon (15/15)            Temple (0/1) D:6            Lair (8/8) D:10
 Shoals (5/5) Lair:5       Spider (5/5) Lair:5        Slime (0/6) Lair:6
    Orc (4/4) D:9             Elf (3/3) Orc:3        Vaults (5/5) D:13
  Crypt (0/3) Vaults:3     Depths (0/5) D:15

Altars:
Ashenzari
Dithmenos
Elyvilon
Fedhas
Gozag
Kikubaaqudgha
Nemelex Xobeh
Ru
Sif Muna
Trog
Vehumet
The Shining One
Beogh
Jiyva

Shops:
D:5 :   D:6 [   D:13 (   Orc:1 (   Orc:2 (   Orc:4 (%?([   Elf:1 }   Elf:2 :
Shoals:5 %   Vaults:4 :   Vaults:5 %

Annotations:
D:15 exclusion: Roxanne, Roxanne


Innate Abilities, Weirdness & Mutations

You cannot wear armour.
You are incapable of wielding weapons or throwing items.
You have sharp claws.
You have razor-sharp teeth.
You have supernaturally acute eyesight.
You are carnivorous and can eat meat at any time.
You cover ground quickly.
Your thick and shaggy fur keeps you warm (AC +3, rC+).
You have a slow metabolism.
Your sharp claws are effective at attacking unaware monsters.
You are surrounded by a mild repulsion field (EV +2).
You are agile. (Dex +2)
Your flesh is heat resistant.
Your system is resistant to poisons.
You are robust (+10% HP).
You can spit poison.
Your muscles are strong. (Str +2)


Message History

The ironbrand convoker casts a spell at the crawling corpse.
The crawling corpse seems to grow stronger.
Your stone giant misses the deep elf fighter.
You mangle the white very ugly thing!!
The white very ugly thing begins to bleed from its wounds!
You bite the white very ugly thing.
The white very ugly thing is moderately wounded.
The deep elf fighter mumbles some strange words.
The deep elf fighter blinks!
The white very ugly thing misses you.
Your stone giant hits the crawling corpse!!!
The crawling corpse is destroyed!
The deep elf fighter closely misses you.
The ironbrand convoker gestures at the white very ugly thing while chanting.
The white very ugly thing seems to grow stronger.
You mangle the white very ugly thing!!
The white very ugly thing is severely wounded.
The white very ugly thing kicks you!!!
* * * LOW HITPOINT WARNING * * *
The white very ugly thing freezes you!!
You die...

...##.#...).#...[.#
#.......'..
.)##..'.../.#.....#
#.......#..
.##...#....[......#
#..=....#..
##....#####e#######
#########..
#.....##...[.## #..
))....###...(.##
#.. ).....#
##..§Ce## ###
#.....# ##.).pu##
##....# ##.xOe@#
####### #######


You could see a white very ugly thing (bleeding), an ogre mage (invisible), an
ironbrand convoker, a deep elf priest, 2 deep elf fighters and a friendly stone
giant (berserk).

Vanquished Creatures
  Mara (Vaults:4)
  Margery (Vaults:2)
  Norris (Elf:3)
  Nikola (Spider:3)
  The ghost of Mrmini23 the Wrestler, a mighty TrAK of Lugonu (Vaults:5)
  2 golden dragons (Vaults:5)
  A bone dragon (Abyss:1)
  The ghost of OrbSeeker the Executioner, a mighty MiFi of Cheibriados (Vaults:1)
  Rupert (D:13)
  2 tentacled monstrosities (Vaults:5)
  4 titans (Vaults:5)
  Asterion (Elf:2)
  2 deep elf blademasters (Elf:3)
  2 deep elf master archers (Elf:3)
  4 sphinxes
  2 krakens
  A tentacled starspawn (Abyss:1)
  Agnes (D:15)
  An ancient champion (WizLab)
  2 shadow dragons (Vaults:5)
  5 tengu reavers (Vaults:5)
  2 storm dragons (Vaults:5)
  The ghost of Armakuni the Basher, a powerful OgIE of Kikubaaqudgha (Spider:1)
  Ilsuiw (Shoals:5)
  4 frost giants
  An orc warlord (Vaults:4)
  A fire giant (Vaults:5)
  Donald (Shoals:1)
  The ghost of emiel the Spry, a mighty FeTm of Cheibriados (WizLab)
  Maud (D:11)
  12 deep elf sorcerers
  14 vault wardens
  An iron dragon (Vaults:5)
  Louise (Spider:1)
  21 ironheart preservers
  6 emperor scorpions
  6 ghost moths
  2 rakshasas (Vaults:2)
  10 stone giants
  4 war gargoyles (Vaults:5)
  The ghost of ICantDie the Ripper, a mighty FeBe of Trog (Shoals:5)
  5 very ugly things
  10 deep elf annihilators
  7 deep elf demonologists
  A lorocyproca (Abyss:1)
  3 crystal guardians
  30 vault guards
  6 deep elf death magi
  8 merfolk javelineers
  5 ettins
  7 deep elf high priests (Elf:3)
  A fire dragon (Vaults:4)
  7 yaktaur captains
  11 merfolk impalers
  6 entropy weavers
  7 ogre magi
  4 great orbs of eyes
  4 ice dragons
  7 merfolk avatars
  4 hydras
  5 merfolk aquamancers
  Erolcha (Orc:2)
  An alligator snapping turtle (Shoals:4)
  10 dancing weapons
  8 centaur warriors
  2 death knights (Vaults:3)
  A deep troll shaman (Vaults:3)
  A salamander stormcaller (Vaults:5)
  2 satyrs
  6 death yaks
  2 deep troll earth magi (Vaults:2)
  2 thrashing horrors (Abyss:1)
  3 orc high priests
  Sonja (Orc:2)
  23 deep elf knights
  2 wizards (Vaults:1)
  A wretched star (Abyss:1)
  2 hell knights (Vaults:2)
  An ice devil (Vaults:5)
  16 sea snakes
  8 skeletal warriors (WizLab)
  4 fire crabs
  A spatial maelstrom (Abyss:1)
  7 hill giants
  2 shadow wraiths
  2 shadow demons (Elf:1)
  8 unseen horrors
  19 deep trolls
  3 ice statues
  14 deep elf summoners
  2 giant orange brains
  A flayed ghost (Vaults:4)
  29 harpies
  A wolf spider zombie (D:15)
  21 orc knights
  20 ugly things
  7 hornets
  4 necromancers
  12 ironbrand convokers
  16 deep elf conjurers
  An oklob plant (Lair:7)
  A lindwurm (Lair:8)
  2 phantasmal warriors
  13 orb spiders
  34 wolf spiders
  13 cyclopes
  A frost giant zombie (Vaults:4)
  2 moths of wrath
  7 griffons
  A manticore (shapeshifter) (D:15)
  6 manticores
  A worldbinder (Abyss:1)
  A sixfirhy (Abyss:1)
  7 water nymphs
  A black mamba (shapeshifter) (Vaults:1)
  A guardian serpent (shapeshifter) (Vaults:3)
  2 centaur zombies
  22 fauns
  10 elephants
  An elephant (shapeshifter) (Vaults:5)
  4 orc sorcerers
  16 vault sentinels
  A stone giant skeleton (Vaults:4)
  6 black mambas
  9 spiny frogs
  9 sirens
  A queen ant (Lair:6)
  2 torpor snails
  An orange crystal statue (D:14)
  2 gargoyles
  10 komodo dragons
  7 kobold demonologists
  A yaktaur (shapeshifter) (Vaults:1)
  6 smoke demons (Abyss:1)
  3 fire drakes
  48 merfolk
  A human skeleton (Vaults:4)
  16 deep elf priests
  The ghost of Armakuni the Ruffian, an average DrMo (D:5)
  23 yaktaurs
  20 trolls
  19 demonic crawlers
  24 jumping spiders
  3 polar bears
  A queen bee (D:9)
  The ghost of trelanon the Cudgeler, an experienced VSWr (D:4)
  2 freezing wraiths
  A wind drake (shapeshifter) (Vaults:1)
  9 two-headed ogres
  4 wind drakes
  A blue devil (Elf:3)
  8 boulder beetles
  A raiju (Abyss:1)
  A wolf spider simulacrum (D:15)
  3 centaur simulacra (D:15)
  21 trapdoor spiders
  3 ynoxinuls (Abyss:1)
  17 blink frogs
  5 wraiths
  12 slime creatures
  An ettin skeleton (Vaults:4)
  11 snapping turtles
  15 humans
  5 vampires
  A frost giant simulacrum (Vaults:4)
  6 wyverns
  25 tarantellas
  24 deep elf magi
  54 yaks
  56 redbacks
  A trapdoor spider (shapeshifter) (Vaults:1)
  A hog (shapeshifter) (Vaults:1)
  5 hungry ghosts
  2 shadows
  33 deep elf fighters
  13 vampire mosquitoes
  3 basilisks
  18 water elementals
  25 hippogriffs
  7 hill giant zombies (WizLab)
  21 wolves
  4 spatial vortices (Abyss:1)
  8 soldier ants
  4 wargs
  A harpy simulacrum (D:15)
  A soldier ant (shapeshifter) (Elf:2)
  Duvessa (D:4)
  7 water moccasins
  5 sky beasts
  2 large abominations (Abyss:1)
  35 orc warriors
  14 porcupines
  2 mottled dragons
  A black bear (Lair:4)
  A deep dwarf (shapeshifter) (Vaults:3)
  5 eyes of draining
  49 spiders
  8 starcursed masses (Abyss:1)
  12 ice beasts
  40 ogres
  3 phantoms
  15 centaurs
  3 necrophages
  17 crocodiles
  2 boggarts (Elf:1)
  4 boring beetles
  8 big kobolds
  23 giant frogs
  Dowan (D:4)
  A wyvern skeleton (D:15)
  2 gnoll sergeants
  2 small abominations
  An orc simulacrum (Vaults:1)
  11 scorpions
  6 troll zombies (WizLab)
  4 electric eels
  29 killer bees
  18 wights
  3 human simulacra
  6 crimson imps
  A wasp zombie (D:6)
  A quasit (Abyss:1)
  3 giant frog zombies
  2 jellies
  24 orc priests
  6 centaur skeletons
  7 iguanas
  An iron imp (Abyss:1)
  3 giant frog skeletons
  3 hounds
  2 hell rats (Elf:1)
  A killer bee zombie (D:8)
  31 worker ants
  41 orc wizards
  18 sheep
  A big kobold zombie (Ossuary)
  5 ogre zombies (WizLab)
  A hound skeleton (D:10)
  8 mummies (Ossuary)
  10 adders
  16 gnolls
  34 river rats
  5 shadow imps
  2 white imps (D:15)
  3 ufetubi
  An adder zombie (D:7)
  2 worms
  An adder skeleton (D:8)
  6 giant geckos
  200 orcs
  18 bats
  8 giant cockroaches
  17 hobgoblins
  3 jackals
  18 kobolds
  2 quokkas
  A ball python zombie (D:5)
  A giant gecko zombie (D:5)
  4 giant newts
  A giant spore (D:7)
  19 goblins
  4 hobgoblin zombies (Ossuary)
  A kobold zombie (Ossuary)
  2 orc zombies (Ossuary)
  A quokka skeleton (D:4)
  A quokka zombie (D:7)
  14 rats
  4 crawling corpses
  A fungus (Lair:8)
  A plant (Shoals:5)
  14 tentacles
2242 creatures vanquished.

Vanquished Creatures (collateral kills)
  An ancient lich (WizLab)
  Arachne (Spider:3)
  A deep elf blademaster (Elf:2)
  A sphinx (D:15)
  A storm dragon (Vaults:5)
  A vault warden (Vaults:4)
  2 emperor scorpions
  An ironheart preserver (Vaults:4)
  A war gargoyle (Vaults:5)
  A deep elf annihilator (Elf:3)
  3 merfolk javelineers
  2 vault guards (Vaults:4)
  A deep elf death mage (Elf:3)
  A merfolk impaler (Shoals:2)
  An entropy weaver (Spider:3)
  4 hydras
  Harold (D:11)
  A centaur warrior (D:15)
  A merfolk avatar (Shoals:4)
  A satyr (Shoals:3)
  A merfolk aquamancer (Shoals:4)
  A salamander stormcaller (Vaults:5)
  2 ogre magi
  5 dancing weapons (Elf:2)
  3 death yaks (Lair:8)
  An orc high priest (Orc:4)
  A skeletal warrior (D:13)
  A deep troll (Vaults:4)
  A deep elf knight (Elf:2)
  An unseen horror (D:13)
  An orc knight (Vaults:3)
  A sea snake (Shoals:2)
  2 orb spiders
  3 ironbrand convokers (Vaults:4)
  3 wolf spiders
  2 hornets
  2 manticores
  3 ugly things
  A cyclops (D:15)
  4 fauns (Shoals:3)
  3 elephants (Lair:4)
  A moth of wrath (Spider:5)
  A drowned soul (Shoals:2)
  2 torpor snails
  2 sirens (Shoals:5)
  3 demonic crawlers
  4 jumping spiders
  A troll (Orc:4)
  8 merfolk
  2 two-headed ogres (Vaults:4)
  A fire vortex (Vaults:5)
  A boulder beetle (Lair:5)
  2 snapping turtles
  A water elemental (Shoals:4)
  2 basilisks
  A deep elf mage (D:13)
  9 redbacks
  9 trapdoor spiders
  A wraith (D:11)
  3 tarantellas (Spider:3)
  4 yaks
  2 deep elf fighters
  A human (D:13)
  4 wargs
  3 orc warriors (Vaults:3)
  2 spiders
  5 ogres
  A big kobold (D:11)
  2 killer bees (D:9)
  An orc priest (Orc:4)
  An orc (Orc:4)
  4 kobolds (D:11)
  A giant gecko (D:11)
  2 crawling corpses (Vaults:4)
156 creatures vanquished.

Vanquished Creatures (others)
  A tengu reaver (Vaults:5)
  An ettin (Vaults:5)
  A yaktaur captain (Vaults:5)
  A sea snake (Shoals:5)
  6 deep trolls
  7 hill giants
  A vault sentinel (Vaults:1)
  21 drowned souls
  A fire vortex (Vaults:5)
  A two-headed ogre (Spider:5)
  4 trolls
  5 ogres
  A lost soul (Elf:3)
  2 orcs
  A giant spore (D:11)
  A crawling corpse (Elf:2)
  5 fungi
  10 plants
  2 starspawn tentacles (Abyss:1)
  17 tentacles
  1505 tentacle segments
1594 creatures vanquished.

Grand Total: 3992 creatures vanquished

Notes
Turn   | Place    | Note
--------------------------------------------------------------
     0 | D:1      | xeno23, the Felid Berserker, began the quest for the Orb.
     0 | D:1      | Reached XP level 1. HP: 10/10 MP: 2/2
   166 | D:1      | Reached skill level 1 in Stealth
   264 | D:1      | Reached XP level 2. HP: 14/14 MP: 3/3
   783 | D:2      | Reached XP level 3. HP: 17/17 MP: 4/4
   891 | D:2      | You fall through a shaft for 2 floors!
   892 | D:4      | Acquired Trog's second power
   940 | D:4      | Found an opulent altar of Gozag.
   949 | D:4      | Noticed Dowan
  1423 | D:2      | Found a glowing golden altar of the Shining One.
  1944 | D:3      | Reached XP level 4. HP: 21/21 MP: 5/5
  2549 | D:4      | Noticed a phantom
  2563 | D:4      | Killed a phantom
  2563 | D:4      | Reached skill level 5 in Stealth
  2563 | D:4      | Reached XP level 5. HP: 25/25 MP: 6/6
  2620 | D:4      | Noticed trelanon's ghost (experienced VSWr)
  3270 | D:4      | Noticed Duvessa
  3285 | D:4      | Killed Duvessa
  3285 | D:4      | Reached skill level 6 in Stealth
  3285 | D:4      | Gained mutation: You are covered in thick fur (AC +2). [Felid growth]
  3285 | D:4      | Reached XP level 6. HP: 13/29 MP: 7/7
  3631 | D:4      | Killed trelanon's ghost
  3631 | D:4      | Reached skill level 5 in Fighting
  3631 | D:4      | Reached skill level 7 in Stealth
  3631 | D:4      | Reached XP level 7. HP: 30/33 MP: 8/8
  3715 | D:4      | Killed Dowan
  3933 | D:5      | Entered Level 5 of the Dungeon
  4091 | D:5      | Reached skill level 5 in Unarmed Combat
  4261 | D:5      | Noticed Armakuni's ghost (average DrMo)
  4300 | D:5      | Killed Armakuni's ghost
  4300 | D:5      | Reached skill level 8 in Stealth
  4300 | D:5      | Reached XP level 8. HP: 39/39 MP: 9/9
  4408 | D:5      | Found Mutoen Awne's Book Emporium.
  4418 | D:5      | Found a sparkling altar of Nemelex Xobeh.
  5852 | D:6      | Found Plog's Armour Boutique.
  5960 | D:6      | Found a staircase to the Ecumenical Temple.
  6335 | D:6      | Reached skill level 9 in Stealth
  6459 | D:7      | Acquired Trog's third power
  7394 | D:7      | Reached XP level 9. HP: 44/44 MP: 10/10
  7931 | D:7      | Reached skill level 10 in Stealth
  9145 | D:8      | Found a sand-covered staircase.
  9159 | Ossuary  | Entered an ossuary
  9463 | Ossuary  | Gained mutation: You evolve. [potion of beneficial mutation]
  9872 | D:7      | Gained mutation: You can spit weak poison. [evolution]
 10044 | D:8      | Reached skill level 11 in Stealth
 10171 | D:8      | Reached skill level 10 in Fighting
 10264 | D:9      | Found a staircase to the Orcish Mines.
 10274 | D:9      | Reached XP level 10. HP: 51/51 MP: 11/11
 10354 | D:9      | Found a shadowy altar of Dithmenos.
 10357 | D:9      | Found a shattered altar of Ashenzari.
 10360 | D:9      | Found a blossoming altar of Fedhas.
 10383 | D:9      | Found a radiant altar of Vehumet.
 11523 | D:9      | Found a glowing golden altar of the Shining One.
 11523 | D:9      | Found a bloodstained altar of Trog.
 11993 | D:10     | Entered Level 10 of the Dungeon
 11993 | D:10     | Noticed an unseen horror
 11995 | D:10     | Killed an unseen horror
 11995 | D:10     | Reached skill level 12 in Stealth
 12464 | D:10     | Found a staircase to the Lair.
 13068 | D:10     | Reached XP level 11. HP: 57/57 MP: 12/12
 13427 | Lair:1   | Entered Level 1 of the Lair of Beasts
 13497 | Lair:1   | Noticed a six-headed hydra
 13507 | Lair:1   | Killed a six-headed hydra
 14456 | Lair:2   | Noticed a four-headed hydra
 14469 | Lair:2   | Killed a four-headed hydra
 14469 | Lair:2   | Reached skill level 13 in Stealth
 14841 | Lair:2   | HP: 3/85 [blink frog (15)]
 14873 | Lair:2   | HP: 1/57 [porcupine's spines (11)]
 15401 | Lair:2   | Reached skill level 1 in Evocations
 16235 | Lair:3   | Noticed a five-headed hydra
 16247 | Lair:3   | HP: 1/87 [five-headed hydra (17)]
 16247 | Lair:3   | Mangled by a five-headed hydra
 16248 | Lair:3   | Reached XP level 10. HP: -12/81 MP: 13/13
 16262 | Lair:3   | Reached skill level 10 in Unarmed Combat
 16371 | Lair:3   | Reached XP level 11. HP: 22/58 MP: 14/14
 16938 | Lair:3   | Noticed a seven-headed hydra
 16960 | Lair:3   | HP: 1/87 [seven-headed hydra (14)]
 16960 | Lair:3   | Slain by a seven-headed hydra
 16961 | Lair:3   | Reached XP level 10. HP: -3/82 MP: 14/14
 17075 | Lair:3   | Killed a seven-headed hydra
 17255 | Lair:3   | Reached skill level 5 in Evocations
 17286 | Lair:3   | Gained mutation: You are robust (+10% HP). [evolution]
 17305 | Lair:3   | Killed a six-headed hydra
 17533 | Lair:3   | Reached skill level 14 in Stealth
 18952 | Lair:4   | Noticed an elephant
 18953 | Lair:4   | Noticed an elephant
 18954 | Lair:4   | Noticed an elephant
 18960 | Lair:4   | Killed an elephant
 18962 | Lair:4   | Killed an elephant
 18965 | Lair:4   | Killed an elephant
 18965 | Lair:4   | Reached skill level 5 in Dodging
 18965 | Lair:4   | Reached XP level 11. HP: 63/63 MP: 16/16
 19286 | Lair:4   | Noticed a seven-headed hydra
 19293 | Lair:4   | Killed a seven-headed hydra
 19375 | Lair:4   | Noticed an elephant
 19375 | Lair:4   | Noticed an elephant
 19375 | Lair:4   | Noticed an elephant
 19375 | Lair:4   | Noticed an elephant
 19375 | Lair:4   | Noticed an elephant
 19377 | Lair:4   | Noticed an elephant
 19383 | Lair:4   | Killed an elephant
 19534 | Lair:4   | Killed an elephant
 19540 | Lair:4   | Killed an elephant
 19544 | Lair:4   | Killed an elephant
 19548 | Lair:4   | Killed an elephant
 19552 | Lair:4   | Killed an elephant
 20388 | Lair:4   | Noticed a black mamba
 20395 | Lair:4   | Killed a black mamba
 20762 | Lair:5   | Identified a scroll of acquirement
 21244 | Lair:5   | Gained mutation: Your thick and shaggy fur keeps you warm (AC +3, rC+). [Felid growth]
 21244 | Lair:5   | Reached XP level 12. HP: 70/70 MP: 17/17
 21266 | Lair:5   | Noticed a seven-headed hydra
 21311 | Lair:5   | Noticed an eight-headed hydra
 21317 | Lair:5   | Killed a nine-headed hydra
 21331 | Lair:5   | Found a staircase to the Shoals.
 21689 | Lair:5   | Killed a seven-headed hydra
 21730 | Lair:5   | Found a hole to the Spider Nest.
 21832 | Lair:5   | Gained mutation: Your mind is acute. (Int +2) [evolution]
 22616 | Lair:6   | Got a wavering golden ring
 23199 | Lair:6   | Reached skill level 10 in Dodging
 23392 | Lair:6   | Found an ancient bone altar of Kikubaaqudgha.
 23433 | Lair:6   | Reached skill level 15 in Stealth
 23469 | Lair:6   | Found a staircase to the Slime Pits.
 23470 | Lair:6   | Found a viscous altar of Jiyva.
 24051 | Lair:7   | Found a sacrificial altar of Ru.
 25023 | Lair:8   | Entered Level 8 of the Lair of Beasts
 25033 | Lair:8   | Reached XP level 13. HP: 37/74 MP: 18/18
 25905 | Lair:8   | Reached skill level 15 in Fighting
 27191 | Lair:8   | Noticed a six-headed hydra
 27198 | Lair:8   | Killed a seven-headed hydra
 27451 | Lair:8   | Gained mutation: Your flesh is heat resistant. [evolution]
 28155 | Lair:1   | Identified the cursed ring "Icva" {EV-5 Str+3} (You found it on level 6 of the Lair of Beasts)
 28174 | Lair:1   | Upgraded the game from 0.17-a0-777-g32247ce to 0.17-a0-802-g1f09329
 28215 | Orc:1    | Entered Level 1 of the Orcish Mines
 28369 | Orc:1    | Found Sul Pire's Weapon Shoppe.
 28428 | Orc:1    | Found a roughly hewn altar of Beogh.
 28533 | Orc:2    | Noticed Sonja
 28555 | Orc:2    | Killed Sonja
 29086 | Orc:4    | Entered Level 4 of the Orcish Mines
 29096 | Orc:2    | Found Liettigo's Antique Weapon Shop.
 29173 | Orc:2    | Noticed Erolcha
 29217 | Orc:2    | Found a roughly hewn altar of Beogh.
 29280 | Orc:2    | Killed Erolcha
 29479 | Orc:3    | Found a staircase to the Elven Halls.
 30025 | Orc:3    | Reached XP level 14. HP: 80/80 MP: 19/19
 30106 | Orc:3    | Reached skill level 16 in Stealth
 30705 | Orc:4    | Found Boupsir's Antique Weapon Boutique.
 30943 | Orc:4    | Found Kyepni's Magic Scroll Shoppe.
 30943 | Orc:4    | Found Hyeph's Food Emporium.
 31019 | Orc:4    | HP: 3/81 [cyclops/large rock (11)]
 31022 | Orc:4    | Hit by a large rock thrown by a cyclops
 31023 | Orc:4    | Reached XP level 13. HP: -8/77 MP: 18/18
 31102 | Orc:4    | Hit by a large rock thrown by a cyclops
 31103 | Orc:4    | Reached XP level 12. HP: -1/72 MP: 17/17
 31529 | Orc:4    | Found Zoch's Weapon Shop.
 31537 | Orc:4    | Bought a scroll of blinking for 105 gold pieces
 31540 | Orc:4    | Found Wuuzo's Antique Armour Emporium.
 32218 | D:11     | Noticed Harold
 32235 | D:11     | Killed Harold
 32864 | D:11     | Reached XP level 13. HP: 77/77 MP: 18/18
 33284 | D:11     | Noticed Maud
 33291 | D:11     | Killed Maud
 34546 | D:13     | Found a gate to the Vaults.
 34546 | D:13     | Noticed Rupert
 34559 | D:13     | Killed Rupert
 34571 | D:12     | Reached skill level 15 in Dodging
 34598 | D:12     | Gained mutation: You are surrounded by a mild repulsion field (EV +2). [evolution]
 35005 | D:13     | Found Afiyphank's Weapon Emporium.
 35407 | D:14     | Found a runed door.
 35970 | D:14     | Found a glowing golden altar of the Shining One.
 36380 | D:15     | Entered Level 15 of the Dungeon
 36515 | D:15     | Reached skill level 17 in Stealth
 36515 | D:15     | Reached XP level 14. HP: 62/82 MP: 19/19
 36588 | D:15     | Noticed a sphinx
 36786 | D:15     | Found a frozen archway.
 37011 | IceCv    | Entered an ice cave
 37191 | D:15     | Noticed Roxanne
 37209 | D:15     | HP: 3/82 [Roxanne/crystal spear (79)]
 37850 | D:15     | Noticed Agnes
 37858 | D:15     | Killed Agnes
 38123 | D:15     | Found a staircase to the Depths.
 38123 | D:15     | Noticed a frost giant
 38134 | D:15     | Killed a frost giant
 38548 | D:15     | Killed a sphinx
 38894 | Lair:1   | Gained mutation: You can spit poison. [potion of beneficial mutation]
 38895 | Lair:1   | Gained mutation: You are agile. (Dex +2) [potion of beneficial mutation]
 39228 | Spider:1 | Entered Level 1 of the Spider Nest
 39230 | Spider:1 | Noticed Louise
 39255 | Spider:1 | Killed Louise
 39801 | Spider:1 | Noticed Armakuni's ghost (powerful OgIE)
 39830 | Spider:1 | Killed Armakuni's ghost
 40182 | Spider:2 | Reached XP level 15. HP: 88/88 MP: 20/20
 41568 | Spider:2 | Noticed an emperor scorpion
 41576 | Spider:2 | Killed an emperor scorpion
 42121 | Spider:3 | Reached skill level 18 in Stealth
 42439 | Spider:3 | Noticed Arachne
 42457 | Spider:3 | Killed Arachne
 42466 | Spider:3 | Noticed Nikola
 42472 | Spider:3 | Killed Nikola
 42830 | Spider:3 | Lost mutation: Your mind is acute. (Int +2) [evolution]
 43912 | Spider:4 | Paralysed by a hornet for 3 turns
 45032 | Spider:4 | Reached XP level 16. HP: 93/93 MP: 18/21
 46605 | Spider:5 | Entered Level 5 of the Spider Nest
 47898 | Spider:5 | Reached skill level 19 in Dodging
 49703 | Spider:5 | Got a gossamer rune of Zot
 50342 | Shoals:1 | Entered Level 1 of the Shoals
 50863 | Shoals:1 | Noticed Donald
 50871 | Shoals:1 | Killed Donald
 51446 | Shoals:2 | Gained mutation: Your muscles are strong. (Str +2) [evolution]
 51446 | Shoals:2 | Lost mutation: You evolve. [end of evolution]
 51463 | Shoals:2 | HP: 4/95 [drowned by a drowned soul[a merfolk avatar] (10)]
 52229 | Shoals:2 | Reached XP level 17. HP: 56/100 MP: 12/22
 53659 | Shoals:2 | Reached skill level 20 in Dodging
 54741 | Shoals:3 | Identified the Compendium of Excruciating Heat
 58004 | Shoals:5 | Entered Level 5 of the Shoals
 58014 | Shoals:5 | Noticed Ilsuiw
 58103 | Shoals:4 | Reached skill level 21 in Dodging
 58574 | Shoals:5 | Reached XP level 18. HP: 106/106 MP: 23/23
 58599 | Shoals:5 | Killed Ilsuiw
 59843 | Shoals:5 | Noticed ICantDie's ghost (mighty FeBe)
 59935 | Shoals:5 | Found Lusesm's Food Shop.
 59957 | Shoals:5 | Reached skill level 15 in Unarmed Combat
 60743 | Shoals:5 | Killed ICantDie's ghost
 60899 | Shoals:5 | Got a barnacled rune of Zot
 61566 | Elf:1    | Entered Level 1 of the Elven Halls
 61791 | Elf:1    | Found Temurch's Gadget Shoppe.
 61872 | Elf:1    | Found a deep blue altar of Sif Muna.
 62151 | Elf:1    | Found a deep blue altar of Sif Muna.
 62226 | Elf:1    | Got a smoking tin amulet
 62228 | Elf:1    | Identified the Collected Works on the Spatial Entourage
 62725 | Elf:1    | Identified Lehudib's Almanac of Flying Arcane Weapons
 62917 | Elf:1    | Upgraded the game from 0.17-a0-802-g1f09329 to 0.17-a0-848-g7e5c6af
 62918 | Elf:1    | Identified the amulet "Varor" {Ward +Fly rPois rN+ Int+11 Dex-2} (You found it on level 1 of the Elven Halls)
 62921 | Elf:2    | Found Ylamm's Book Emporium.
 63029 | Elf:2    | Found a magical portal.
 63042 | WizLab   | Entered Zonguldrok's Shrine
 63047 | WizLab   | Noticed emiel's ghost (mighty FeTm)
 63061 | WizLab   | Killed emiel's ghost
 63630 | WizLab   | Reached skill level 22 in Dodging
 63681 | WizLab   | Noticed an antique lich
 63689 | WizLab   | Killed an antique lich
 63689 | WizLab   | Reached XP level 19. HP: 74/112 MP: 10/25
 64000 | Elf:2    | Found a runed gate.
 64591 | Elf:2    | Found a runed gate.
 64593 | Elf:2    | Found a runed gate.
 64628 | Elf:2    | Found a portal to a secret trove of treasure.
 65310 | Elf:2    | You paid a toll of 2 potions of cure mutation to enter a treasure trove
 65311 | Trove    | Entered a treasure trove
 65408 | Trove    | Got a steaming brass ring
 65421 | Trove    | Got a flickering platinum ring
 65431 | Trove    | Identified the ring "Siuppycu" {rElec MP-9 Dex+6 SInv Stlth+} (You found it in a treasure trove)
 65433 | Trove    | Identified the ring of Xom's Amusement {rF+ rC- Int+3 Dex+9} (You found it in a treasure trove)
 65747 | Elf:2    | Cast into the Abyss (trident of distortion)
 65989 | Abyss:1  | Gained mutation: Your system is resistant to poisons. [potion of beneficial mutation]
 66160 | Abyss:1  | Noticed a bone dragon
 66180 | Abyss:1  | Killed a bone dragon
 66503 | Abyss:1  | Found a corrupted altar of Lugonu.
 66564 | Elf:2    | Escaped the Abyss
 66668 | Elf:2    | Slain by a deep elf blademaster
 66669 | Elf:2    | Reached XP level 18. HP: -5/107 MP: 0/16
 66771 | Elf:2    | Noticed Asterion
 66787 | Elf:2    | Killed Asterion
 67212 | Elf:3    | Entered Level 3 of the Elven Halls
 67267 | Elf:3    | Noticed Norris
 67274 | Elf:3    | Killed Norris
 68376 | Elf:3    | Reached skill level 10 in Evocations
 68778 | Elf:3    | Reached skill level 23 in Dodging
 68778 | Elf:3    | Reached XP level 19. HP: 97/112 MP: 15/27
 69835 | Elf:3    | Identified Soxoluwn's Advanced Sorcery
 70216 | Vaults:1 | Entered Level 1 of the Vaults
 70984 | Vaults:1 | Noticed OrbSeeker's ghost (mighty MiFi)
 71003 | Vaults:1 | Killed OrbSeeker's ghost
 72142 | Vaults:1 | Reached skill level 24 in Dodging
 73471 | Vaults:2 | Reached XP level 20. HP: 107/118 MP: 19/30
 73849 | Vaults:2 | Found a white marble altar of Elyvilon.
 74050 | Vaults:2 | You fall through a shaft for 2 floors!
 75090 | Vaults:2 | Reached skill level 25 in Dodging
 75187 | Vaults:2 | Noticed Margery
 75261 | Vaults:2 | Killed Margery
 75631 | Vaults:3 | Found a staircase to the Crypt.
 77013 | Vaults:4 | Noticed Mara
 77203 | Vaults:4 | Noticed xeno23's illusion
 77210 | Vaults:4 | Killed Mara
 77818 | Vaults:4 | Reached skill level 26 in Dodging
 78211 | Vaults:4 | Found Pozu's Book Shoppe.
 78255 | Vaults:4 | Reached XP level 21. HP: 123/123 MP: 23/32
 79063 | Vaults:5 | Entered Level 5 of the Vaults
 79849 | Vaults:4 | Hit by a large rock thrown by a stone giant
 79850 | Vaults:4 | Reached XP level 20. HP: 0/118 MP: 0/22
 80846 | Vaults:5 | Reached skill level 27 in Dodging
 80969 | Vaults:5 | Reached skill level 15 in Evocations
 81045 | Vaults:5 | Found Epos's Food Boutique.
 81572 | Vaults:5 | Reached XP level 21. HP: 116/123 MP: 15/33
 81851 | Vaults:5 | Got a silver rune of Zot
 81876 | Vaults:5 | Noticed Mrmini23's ghost (mighty TrAK)
 81891 | Vaults:5 | Killed Mrmini23's ghost
 83619 | Vaults:4 | Slain by a white very ugly thing

Action                   |  1- 3 |  4- 6 |  7- 9 | 10-12 | 13-15 | 16-18 | 19-21 || total
-------------------------+-------+-------+-------+-------+-------+-------+-------++-------
Melee: Unarmed           |    67 |   114 |   355 |  1080 |  1802 |  2028 |  1991 ||  7437
Invok: Burn Spellbooks   |       |     1 |     1 |       |       |       |       ||     2
       Berserk           |       |     4 |    15 |    51 |    57 |    45 |    39 ||   211
       Trog's Hand       |       |       |     1 |       |    13 |     9 |     8 ||    31
       Brothers in Arms  |       |       |       |    10 |    20 |    23 |    15 ||    68
 Abil: Spit Poison       |       |       |       |     2 |     4 |     4 |       ||    10
       Evoke Flight      |       |       |       |       |       |     3 |       ||     3
Evoke: Wand              |       |       |       |     2 |     6 |     4 |       ||    12
       Lamp of fire      |       |       |       |       |     1 |       |     1 ||     2
  Use: Scroll            |       |    10 |     9 |    20 |    12 |     6 |    11 ||    68
       Potion            |       |       |     1 |     7 |    10 |     5 |     3 ||    26
 Stab: Sleeping          |    11 |     7 |    28 |    71 |    92 |    57 |    70 ||   336
       Distracted        |       |       |     2 |     8 |    26 |    25 |    36 ||    97
  Eat: Chunk             |     8 |     4 |    35 |   100 |    78 |   105 |    82 ||   412
       Pizza             |       |       |       |     1 |       |       |       ||     1
       Meat ration       |       |       |       |       |     2 |       |       ||     2
